Map: [ESL] Inside and Out

Players

ByuN - Winner!

  • Race: Terran Terran
  • Spawn Location: 7:00

LiquidMaNa (MaNa)

  • Race: Protoss Protoss
  • Spawn Location: 1:00

Event: TSL 9

VOD

Have the link to the VOD?

Description

Time

  • Played on: July 30, 2022, 8:41 a.m.
  • Length: 10:07

All games in this series

Show
View Real Time Build Order
Export as new Build Order

ByuN Terran - Winner!

Build Orders:  

Get SALT Encoding   

  12  0:00  SCV  
  13  0:12  SCV  
  14  0:17  Supply Depot  
  14  0:24  SCV  
  15  0:38  SCV  
  15  0:39  Barracks  
  15  0:42  Refinery  
  16  0:51  SCV  
  16  0:52  Refinery  
  17  1:03  SCV  
  18  1:15  SCV  
  19  1:26  Reaper  
  19  1:27  Orbital Command  
  20  1:40  Supply Depot, Factory  
  20  1:52  SCV  
  21  1:59  Reaper  
  22  2:05  SCV  
  23  2:18  SCV  
  24  2:23  Command Center  
  24  2:25  Hellion  
  26  2:30  SCV  
  26  2:36  Barracks Reactor  
  27  2:41  Starport  
  28  2:48  Widow Mine  
  28  2:49  Supply Depot  
  29  2:51  SCV  
  30  3:03  SCV  
  31  3:12  Widow Mine  
  33  3:15  SCV  
  33  3:18  Medivac  
  36  3:22  Marine x2  
  38  3:27  SCV  
  37  3:36  Factory Tech Lab  
  37  3:37  Orbital Command  
  37  3:40  SCV, Marine x2  
  40  3:52  SCV  
  39  3:58  Marine x2  
  39  3:59  Bunker  
  39  4:00  Factory Tech Lab  
  39  4:02  Raven  
  43  4:03  SCV  
  43  4:04  SCV  
  43  4:05  Barracks  
  45  4:15  SCV  
  45  4:16  SCV  
  47  4:17  Supply Depot  
  47  4:19  Marine x2  
  47  4:21  Siege Tank  
  52  4:27  SCV  
  52  4:28  SCV  
  54  4:32  Supply Depot  
  54  4:39  SCV  
  54  4:40  SCV  
  54  4:43  Marine x2  
  54  4:45  Viking  
  60  4:47  Refinery  
  60  4:52  SCV x2  
  60  5:01  Siege Tank  
  60  5:02  Marine x2  
  60  5:04  SCV x2  
  67  5:07  Engineering Bay, Supply Depot  
  67  5:14  Refinery  
  67  5:15  Supply Depot  
  67  5:16  SCV x2  
  69  5:23  Marine  
  69  5:24  Stimpack  
  70  5:29  SCV x2  
  68  5:37  Missile Turret, Siege Tank  
  68  5:41  SCV x2  
  73  5:42  Barracks  
  73  5:46  Terran Infantry Weapons Level 1  
  72  5:53  SCV x2  
  73  5:57  Marine x2  
  73  5:58  Marauder  
  76  6:05  SCV x2  
  76  6:07  Starport Reactor  
  76  6:09  Supply Depot  
  78  6:17  SCV x2  
  80  6:21  Marauder, Marine x2  
  84  6:30  Barracks Tech Lab  
  84  6:34  Supply Depot, Command Center, Siege Tank  
  84  6:36  Supply Depot  
  88  6:40  SCV x2  
  88  6:44  Marauder, Marine x2  
  93  6:56  Medivac x2, Marauder  
  93  6:58  Supply Depot  
  99  7:03  Combat Shield  
  99  7:08  Marauder, Marine x2  
  102  7:09  Supply Depot  
  102  7:12  Barracks x2  
  100  7:17  Marauder  
  100  7:18  Siege Tank  
  100  7:20  Concussive Shells  
  100  7:22  SCV x2  
  107  7:28  Marine x2  
  107  7:29  Marauder  
  111  7:39  Marauder  
  111  7:41  Medivac x2  
  116  7:46  Marine x2  
  116  7:47  Orbital Command  
  116  7:51  Terran Infantry Armor Level 1, Marauder  
  119  7:58  SCV x2  
  119  8:00  Marauder, Factory Reactor  
  119  8:04  Barracks Reactor, Barracks Tech Lab  
  123  8:06  Marine x2  
  123  8:12  Marauder  
  123  8:22  Marauder  
  123  8:23  Orbital Command  
  123  8:24  Marine x2  
  124  8:30  Medivac x2, Marauder  
  124  8:34  Marauder  
  123  8:42  Marine x2  
  123  8:43  Marauder, Marine x2  
  123  8:44  SCV x2  
  123  8:48  Ghost Academy  
  128  8:50  Armory  
  128  8:51  Marauder  
  128  8:54  SCV  
  131  8:56  SCV x2  
  131  9:00  Medivac x2, Widow Mine x2  
  141  9:05  Missile Turret  
  141  9:07  Refinery, SCV  
  141  9:08  Refinery, SCV x2  
  143  9:18  Missile Turret, Marine x3  
  143  9:19  Marine  
  143  9:20  Marauder  
  143  9:22  Marauder  
  143  9:23  Marauder  
  149  9:25  SCV  
  149  9:28  SCV  
  149  9:29  SCV  
  146  9:37  SCV  
  144  9:40  SCV, Marine x2  
  144  9:41  SCV  
  141  9:50  SCV  
  141  9:52  SCV  
  144  9:53  SCV  
Show
View Real Time Build Order
Export as new Build Order

LiquidMaNa Protoss 

Build Orders: 1 Gate Expand, Zealot Archon, Colossus Rush 

Get SALT Encoding   

  12  0:00  Probe  
  13  0:12  Probe  
  14  0:17  Pylon  
  14  0:24  Probe (Chrono Boost)  
  15  0:36  Gateway  
  15  0:37  Probe (Chrono Boost)  
  15  0:42  Assimilator  
  16  0:44  Probe (Chrono Boost)  
  17  0:53  Probe  
  18  1:14  Nexus  
  18  1:24  Cybernetics Core  
  18  1:27  Probe  
  19  1:38  Pylon  
  19  1:39  Probe  
  20  1:46  Assimilator  
  20  1:51  Probe  
  21  1:58  Adept (Chrono Boost)  
  23  2:01  Warp Gate  
  23  2:03  Probe  
  24  2:15  Probe, Pylon  
  24  2:22  Adept  
  27  2:27  Probe  
  28  2:32  Probe  
  28  2:38  Robotics Facility  
  28  2:40  Shield Battery  
  28  2:41  Probe  
  29  2:45  Probe  
  30  2:52  Stalker  
  30  2:55  Probe  
  30  2:58  Probe  
  34  3:10  Probe x2  
  36  3:22  Probe x2  
  36  3:25  Observer (Chrono Boost)  
  36  3:26  Robotics Bay  
  38  3:34  Probe  
  38  3:38  Warp Prism (Chrono Boost)  
  38  3:40  Probe  
  42  3:46  Probe  
  43  3:52  Probe  
  44  3:58  Stalker  
  44  4:01  Assimilator x2, Pylon  
  46  4:08  Pylon  
  46  4:19  Colossus, Probe x2  
  54  4:31  Stalker  
  54  4:32  Probe x2  
  58  4:44  Probe x2  
  58  4:45  Gravitic Drive  
  58  4:52  Observer  
  58  4:56  Probe  
  58  4:57  Probe  
  60  5:09  Probe x2  
  62  5:19  Nexus  
  62  5:21  Probe  
  62  5:27  Pylon  
  62  5:28  Pylon  
  61  5:31  Probe  
  62  5:40  Twilight Council  
  62  5:43  Gateway  
  62  5:44  Gateway  
  62  5:45  Disruptor (Chrono Boost)  
  62  5:47  Probe  
  62  5:48  Observer, Probe  
  67  6:00  Probe x2  
  63  6:05  Stalker  
  63  6:10  Charge (Chrono Boost), Gateway  
  64  6:13  Gateway  
  64  6:14  Disruptor (Chrono Boost)  
  67  6:21  Probe, Pylon  
  67  6:22  Probe  
  69  6:26  Templar Archives  
  69  6:34  Probe x3  
  72  6:44  Zealot x3  
  72  6:46  Probe  
  79  6:51  Shield Battery  
  79  6:53  Shield Battery  
  79  6:54  Shield Battery  
  79  6:59  Immortal  
  83  7:02  Probe x2  
  83  7:06  Probe  
  85  7:14  Probe x2  
  85  7:15  Zealot x3  
  91  7:22  Pylon  
  91  7:27  High Templar x2  
  91  7:28  Probe x2  
  97  7:33  Archon  
  97  7:45  Zealot x2  
  101  7:55  Pylon  
  101  7:56  Assimilator  
  101  8:03  Probe, Pylon  
  101  8:09  Probe  
  99  8:13  Immortal  
  99  8:14  Probe  
  99  8:18  Zealot x3  
  108  8:20  Stalker  
  108  8:22  Probe  
  108  8:25  Stalker  
  101  8:28  Probe  
  97  8:39  Stalker x3  
  97  8:40  Probe x2  
  99  8:44  Probe  
  100  8:52  Probe x2  
  100  8:53  Immortal  
  103  8:56  Forge  
  103  8:57  Probe  
  103  9:02  Sentry, Assimilator  
  106  9:04  Probe x2  
  106  9:05  Zealot x4  
  116  9:11  Probe  
  116  9:13  Assimilator  
  116  9:14  Assimilator  
  117  9:17  Gateway, Probe  
  110  9:27  Zealot x2  
  110  9:28  Zealot  
  110  9:30  Probe  
  109  9:32  Stalker x4  
  117  9:39  Probe  
  117  9:41  Probe  
  106  9:58  Zealot x3  
Tags
 
Add a new tag
Caveats
  • Supply blocks, unpowered buildings, or Contaminate may cause inaccurate times.
  • Supply counts are checked every 10 seconds.